 Dungeon Crawl Stone Soup version 0.28.0 (webtiles) character file.

Game seed: 10567983205509129216

76 Anon1729 the Insei (level 4, -6/28 HPs)
             Began as an Octopode Transmuter on Feb 15, 2022.
             Mangled by Natasha (7 damage)
             ... on level 2 of the Dungeon.
             The game lasted 00:01:18 (1387 turns).

Anon1729 the Insei (Octopode Transmuter)            Turns: 1387, Time: 00:01:18

Health: -6/28      AC:  1    Str:  9    XL:     4   Next: 32%
Magic:  2/7        EV: 13    Int: 17    God:
Gold:   57         SH:  0    Dex: 12    Spells: 4/7 levels left

rFire   . . .      SeeInvis .     - Unarmed
rCold   . . .      Faith    .   (no shield)
rNeg    . . .      Spirit   .   (helmet currently unavailable)
rPois   .          Reflect  .   (no amulet)
rElec   .          Harm     .   (no ring)
rCorr   .          Rampage  .   (no ring)
Will    .....                   (no ring)
Stlth   ++........              (no ring)
HPRegen 0.09/turn               (no ring)
MPRegen 0.10/turn               (no ring)
                                (no ring)
                                (no ring)

@: appendages (expiring), wereblooded, slowed, very slow
A: tentacle spike 3, almost no armour, amphibious, 8 rings, camouflage 1,
gelatinous body 1, (nimble swimmer 1), tentacles
a: End Transformation


You were on level 2 of the Dungeon.
One of your tentacles had grown a beastly spike.
You visited 1 branch of the dungeon, and saw 2 of its levels.

You collected 57 gold pieces.

Inventory:

Scrolls
 b - a scroll of acquirement {unknown}
Potions
 a - 2 potions of heal wounds {unknown}


   Skills:
 - Level 1.2 Fighting
 - Level 2.1 Dodging
 + Level 4.7 Unarmed Combat
 - Level 2.1 Spellcasting
 - Level 2.1 Transmutations


You had 4 spell levels left.
You knew the following spells:

 Your Spells              Type           Power      Damage    Failure   Level
a - Beastly Appendage     Tmut           18%        N/A       9%          1
b - Wereblood             Tmut           9%         N/A       12%         2

Your spell library contained the following spells:

 Spells                   Type           Power      Damage    Failure   Level
 Spider Form              Tmut/Pois      5%         N/A       36%         3
 Ice Form                 Ice/Tmut       5%         N/A       77%         4
 Fireball                 Conj/Fire      0%         3d3       99%         5
 Starburst                Conj/Fire      0%         6d3       100%        6
 Ignition                 Fire           0%         3d3       100%        8


Dungeon Overview and Level Annotations

Branches:
Dungeon (2/15)

Altars:

Shops:
D:1 (   D:2 (

Annotations:
D:2 Jessica, Natasha


Innate Abilities, Weirdness & Mutations

One of your tentacles has grown a beastly spike.
You cannot wear most types of armour.
You are amphibious.
You can wear up to eight rings at the same time.
Your skin changes colour to match your surroundings (Stealth+).
Your rubbery body absorbs attacks. (AC +1, EV +1)
((You are camouflaged when in or above water. (Stealth+)))
You have tentacles for arms and can constrict up to eight enemies at once.


Message History

You howl as the wereblood boils in your veins!
You constrict Terence, but do no damage.
Terence completely misses you.
You tentacle-slap Terence.
You pierce Terence, but do no damage.
You squeeze Terence!
Terence is severely wounded.
You constrict Terence. Terence hits you with a +0 short sword.
You tentacle-slap Terence.
You feel a bit better.
You kill Terence!
Your tentacle spike disappears.
Your magical contamination has completely faded away.
You have reached level 4!
You start resting.
You howl as the wereblood boils in your veins!
You start resting.
Natasha is nearby!
Natasha is nearby!
One of your tentacles grows a vicious spike.
Natasha hisses angrily.
Natasha stares at you and mumbles some strange words.
You feel yourself slow down.
Items here: ) = ? [ ††.
Natasha misses you. Natasha claws you.
You tentacle-slap Natasha. Your grab misses Natasha.
Natasha is moderately wounded.
Natasha claws you.
You closely miss Natasha. You grab Natasha.
You pierce Natasha.
Natasha is heavily wounded.
You constrict Natasha, but do no damage.
Natasha mumbles some strange words.
You feel disoriented. Natasha claws you!
* * * LOW HITPOINT WARNING * * *
Unknown command.
You tentacle-slap Natasha.
You pierce Natasha, but do no damage.
Your squeeze misses Natasha.
Natasha is severely wounded.
Your transformation is almost over.
You constrict Natasha. Natasha claws you!
You die...

# #... #.J. #### #...
#####... #...
#......######### ##.#
#..............# #.
#.......######.## ##
#......h@)......#...
#......#######..#..#
#...............#..#
#......########.#..###
........# #.#....# #
......... #.#..#.# ..
......... ##.#.##.# ..
......... #....##.##..
#...........


You could see Natasha.

Vanquished Creatures
  Terence (D:2)
  Natasha (D:2)
  An endoplasm (D:1)
  5 goblins (D:1)
  3 hobgoblins
  2 jackals (D:1)
  A quokka (D:1)
  A ball python (D:2)
  A bat (D:1)
  5 frilled lizards (D:1)
  3 kobolds (D:1)
  3 rats
27 creatures vanquished.

Notes
Turn   | Place    | Note
-------+----------+-------------------------------------------
     0 | D:1      | Anon1729 the Octopode Transmuter began the quest for the
                  | Orb.
     0 | D:1      | Reached XP level 1. HP: 13/13 MP: 3/3
   227 | D:1      | Found Ofeteasa's Antique Weapon Boutique.
   319 | D:1      | Reached XP level 2. HP: 16/18 MP: 5/5
   397 | D:1      | Found a faded altar of an unknown god.
   945 | D:1      | Reached XP level 3. HP: 11/23 MP: 6/6
  1291 | D:2      | Noticed Jessica
  1291 | D:2      | Found Opha's Weapon Emporium.
  1291 | D:2      | Noticed Natasha
  1295 | D:2      | Killed Natasha
  1296 | D:2      | Reached skill level 4 in Unarmed Combat
  1360 | D:2      | Noticed Natasha
  1360 | D:2      | Noticed Terence
  1370 | D:2      | Learned a level 2 spell: Wereblood
  1378 | D:2      | Killed Terence
  1379 | D:2      | Reached XP level 4. HP: 16/28 MP: 2/7
  1386 | D:2      | HP: 1/28 [Natasha (10)]
  1387 | D:2      | Mangled by Natasha

Illustrated notes

Levels and vault maps discovered:
D:1:      lightli_arrival_isolated_outpost, layout_loops_ring, serial_shops,
          shop, hellmonk_ecumenical_altar_dog_temple
D:2:      layout_basic, serial_shops, shop_fountains, uniq_jessica,
          uniq_natasha, uniq_crazy_yiuf_cottage, uniq_terence

Skill      XL: |  1  2  3 |
---------------+----------+-----
Unarmed Combat | 4 |  4.7
Fighting       | |  1.2
Dodging        | |  2.1
Spellcasting   | |  2.1
Transmutations | |  2.1

Action                   |  1- 3 |  4- 6 || total
-------------------------+-------+-------++-------
Melee: Unarmed           |    65 |     3 ||    68
       Constrict         |    15 |     1 ||    16
       Kick              |    11 |     2 ||    13
       Tentacles         |    11 |       ||    11
       Punch             |     2 |       ||     2
 Cast: Beastly Appendage |    10 |     1 ||    11
       Wereblood         |     1 |       ||     1
 Stab: Sleeping          |     5 |       ||     5
Armor: Skin              |     5 |       ||     5
Dodge: Dodged            |    41 |     1 ||    42
